 Dungeon Crawl Stone Soup version 0.30.0-29-ga12c61a403 (webtiles) character file.

Game seed: 18127662900091965606

1416 Graphine the Fanfare of Bloodshed (level 8, -1/64 HPs)
             Began as a Demonspawn Monk on June 21, 2023.
             Was a Believer of Makhleb.
             Slain by a gnoll
             ... wielding a +0 halberd
             ... led by a gnoll bouda
              (4 damage)
             ... on level 5 of the Dungeon.
             The game lasted 00:11:18 (3743 turns).

Graphine the Fanfare of Bloodshed (Demonspawn Monk) Turns: 3743, Time: 00:11:18

Health: -1/64      AC:  5    Str: 11    XL:     8   Next: 43%
Magic:  12/12      EV: 14    Int: 13    God:    Makhleb [**....]
Gold:   226        SH:  0    Dex: 17    Spells: 7/7 levels left

rFire   . . .        h - +2 dagger (drain)
rCold   + . .        d - orb {light}
rNeg    . . .        b - +0 robe
rPois   +            (helmet restricted)
rElec   .            y - +0 cloak
rCorr   .            (no gloves)
SInv    .            u - +0 pair of boots
Will    .....        (no amulet)
Stlth   +            g - ring of poison resistance
HPRegen 0.30/turn    s - ring of protection from cold
MPRegen 0.13/turn

%: no passive effects
@: confused, ambrosia-drunk, glowing
A: horns 2, rugged brown scales 1, demonic guardian 2
a: Renounce Religion, Minor Destruction


You were on level 5 of the Dungeon.
You worshipped Makhleb.
Makhleb was pleased with you.
You visited 1 branch of the dungeon, and saw 5 of its levels.
You also visited: Sewer.

You collected 226 gold pieces.

Inventory:

Hand Weapons
 a - a +1 falchion
 h - a +2 dagger of draining (weapon)
 v - a +2 dagger of venom
Missiles
 j - a javelin
 k - 2 silver boomerangs (quivered)
 t - 6 curare-tipped darts
Armour
 b - a +0 robe (worn)
 d - an orb of light (worn)
 u - a +0 pair of boots (worn)
 y - a +0 cloak (worn)
 C - a +1 hat
Jewellery
 g - a ring of poison resistance (left hand)
 s - a ring of protection from cold (right hand)
Wands
 B - a wand of roots (2)
Scrolls
 e - 2 scrolls of identify
 l - 2 scrolls of teleportation
Potions
 c - a potion of ambrosia
 f - 2 potions of attraction
 i - a potion of lignification {unknown}
 m - a potion of berserk rage {unknown}
 n - 3 potions of magic
 o - 2 potions of brilliance
 p - a potion of degeneration {unknown}
 q - a potion of haste
 r - a potion of might {unknown}
 w - 2 potions of heal wounds {unknown}
 x - a potion of resistance {unknown}
 z - 2 potions of mutation {unknown}
 A - a potion of cancellation {unknown}


   Skills:
 + Level 5.5 Fighting
 + Level 5.1 Long Blades
 + Level 3.7 Throwing
 + Level 5.0 Dodging
 + Level 6.0 Invocations


You had 7 spell levels left.
You didn't know any spells.
Your spell library contained the following spells:

 Spells                   Type           Power      Damage    Failure   Level
 Magic Dart               Conj           0%         1d3       30%         1
 Call Imp                 Summ           0%         N/A       43%         2
 Ignite Poison            Fire/Tmut/Pois 0%         N/A       67%         3
 Mephitic Cloud           Conj/Pois/Air  0%         N/A       67%         3
 Sticky Flame             Conj/Fire      0%         2d3       97%         4
 Ignition                 Fire           0%         3d3       100%        8


Dungeon Overview and Level Annotations

Branches:
Dungeon (5/15)              Sewer (visited)
 Temple: D:4-7

Altars:
Kikubaaqudgha
Sif Muna
Yredelemnul


Innate Abilities, Weirdness & Mutations

You have a pair of horns on your head.
You are partially covered in rugged brown scales. (AC +1, +3% HP)
A demonic guardian rushes to your aid.


Message History

You shred the net and break free!
The gnoll is no longer moving quickly. x2
The gnoll hits you with a +0 flail.
You hit the gnoll.
The gnoll is lightly wounded.
The gnoll hits you from afar with a +0 halberd!
The gnoll hits you with a +0 flail.
You hit the gnoll but do no damage.
The gnoll is lightly wounded.
The gnoll barely misses you. The gnoll hits you but does no damage.
You hit the gnoll.
The gnoll is moderately wounded.
The gnoll is no longer moving quickly.
The gnoll barely misses you. The gnoll misses you.
You hit the gnoll. You headbutt the gnoll.
You kill the gnoll!
Makhleb accepts your kill. The gnoll barely misses you.
Throw: 2 boomerangs (silver)
Press: ? - help, Q - select action, (/) - cycle Shift-Dir - straight line, f - gnoll
Aim: a gnoll, wielding a +0 halberd (haloed, 83% to hit)
You throw a silver boomerang.
The silver boomerang barely misses the gnoll.
The gnoll misses you.
The gnoll hits you with a +1 whip of electrocution.
* * * LOW HITPOINT WARNING * * *
You are confused.
You feel invigorated. The gnoll misses you.
The gnoll hits you but does no damage.
You are electrocuted!
* * * LOW HITPOINT WARNING * * *
A demonic guardian appears!
You hit your hellwing.
Your hellwing is lightly wounded.
The gnoll barely misses you.
You bump into the rock wall.
The gnoll misses you. The gnoll barely misses you.
You're too confused to move!
The gnoll hits you with a +1 whip of electrocution.
You are electrocuted!!
* * * LOW HITPOINT WARNING * * *
The gnoll hits you from afar with a +0 halberd.
You die...

#.. .....
#.###.....
######.#.....
#<...#.#....
####.#.#..#
#.#.#..#
#...g).#
###g#.......
#@########
#.4......
#########


You could see 2 gnolls and a friendly hellwing (summoned).

Vanquished Creatures
  Grinder (Sewer)
  An orc warrior (D:4)
  2 black bears (D:4)
  The ghost of SuvarnaParana the Chopper, an amateur MiBe of Trog (D:3)
  A kobold brigand (Sewer)
  A phantom (D:5)
  A bullfrog (D:4)
  A scorpion (D:4)
  2 quasits (Sewer)
  2 gnoll boudas
  Ijyb (D:3)
  2 iguanas (D:4)
  2 scorpion zombies (D:3)
  6 adders
  6 gnolls
  A shadow imp (Sewer)
  3 ufetubi (Sewer)
  An adder zombie (Sewer)
  4 worms
  3 dart slugs
  An orc (D:4)
  12 bats
  3 endoplasms
  8 giant cockroaches
  8 goblins
  6 hobgoblins
  9 jackals
  27 kobolds
  3 quokkas
  3 ball pythons
  3 frilled lizards
  4 rats
129 creatures vanquished.

Vanquished Creatures (collateral kills)
  An ogre (D:4)
  An adder (D:2)
  An endoplasm (D:1)
  A hobgoblin (D:1)
  A jackal (D:1)
5 creatures vanquished.

Vanquished Creatures (others)
  2 endoplasms (Sewer)
2 creatures vanquished.

Grand Total: 136 creatures vanquished

Notes
Turn   | Place    | Note
-------+----------+-------------------------------------------
     0 | D:1      | Graphine the Demonspawn Monk began the quest for the Orb.
     0 | D:1      | Reached XP level 1. HP: 18/18 MP: 1/1
    34 | D:1      | Gained mutation: A weak demonic guardian rushes to your
                  | aid. [demonic ancestry]
    34 | D:1      | Reached XP level 2. HP: 21/24 MP: 2/2
    89 | D:1      | Reached skill level 1 in Invocations
   386 | D:1      | Reached XP level 3. HP: 29/29 MP: 4/4
   711 | D:2      | Reached skill level 2 in Invocations
   784 | D:2      | Gained mutation: You are partially covered in rugged brown
                  | scales. (AC +1, +3% HP) [demonic ancestry]
   784 | D:2      | Reached XP level 4. HP: 22/36 MP: 5/5
  1076 | D:2      | You fall into a shaft and drop 2 floors!
  1080 | D:4      | Found a transporter.
  1080 | D:4      | Found a transporter.
  1080 | D:4      | Noticed a bullfrog
  1083 | D:4      | Noticed an orc warrior
  1168 | D:4      | Found an ancient bone altar of Kikubaaqudgha.
  1216 | D:4      | Reached skill level 1 in Throwing
  1216 | D:4      | Gained mutation: You have a pair of small horns on your
                  | head. [demonic ancestry]
  1216 | D:4      | Reached XP level 5. HP: 27/43 MP: 5/7
  1299 | D:4      | Noticed an ogre
  1306 | D:4      | Killed an ogre
  1307 | D:4      | Reached skill level 3 in Invocations
  1414 | D:3      | Reached XP level 6. HP: 46/49 MP: 8/8
  1528 | D:3      | Found a glowing drain.
  1550 | Sewer    | Entered a sewer
  1782 | Sewer    | Noticed Grinder
  1832 | Sewer    | Reached skill level 4 in Invocations
  1927 | Sewer    | Killed Grinder
  1928 | Sewer    | Gained mutation: A demonic guardian rushes to your aid.
                  | [demonic ancestry]
  1928 | Sewer    | Reached XP level 7. HP: 23/56 MP: 10/10
  2048 | Sewer    | Found a burning altar of Makhleb.
  2062 | Sewer    | Became a worshipper of Makhleb the Destroyer
  2062 | Sewer    | Reached * piety under Makhleb
  2062 | Sewer    | Reached ** piety under Makhleb
  2290 | D:3      | Found a runed translucent gate.
  2292 | D:3      | Found a runed translucent gate.
  2292 | D:3      | Noticed SuvarnaParana's ghost (amateur MiBe)
  2293 | D:3      | Found a runed translucent gate.
  2296 | D:3      | Found a basalt altar of Yredelemnul.
  2408 | D:3      | Found a shimmering blue altar of Sif Muna.
  2521 | D:3      | Found a faded altar of an unknown god.
  2577 | D:3      | Noticed Ijyb
  2590 | D:3      | Killed Ijyb
  2772 | D:3      | Killed SuvarnaParana's ghost
  2999 | D:4      | Reached skill level 5 in Fighting
  2999 | D:4      | Reached skill level 5 in Invocations
  3134 | D:4      | Gained mutation: You have a pair of horns on your head.
                  | [demonic ancestry]
  3134 | D:4      | Reached XP level 8. HP: 63/63 MP: 10/12
  3536 | D:4      | Reached skill level 5 in Long Blades
  3699 | D:5      | Entered Level 5 of the Dungeon
  3714 | D:5      | Reached skill level 5 in Dodging
  3728 | D:5      | Reached skill level 6 in Invocations
  3743 | D:5      | HP: 3/64 [gnoll/+1 whip of electrocution[a gnoll bouda]
                  | (19)]
  3743 | D:5      | Slain by a gnoll

Illustrated notes

Levels and vault maps discovered:
D:1:      erik_arrival_blinker_ship, layout_rooms, dreamdust_mushroom_princess,
          reono_crystal_passage, minmay_pentomino_t4
D:2:      layout_rooms
D:3:      layout_basic, lemuel_blue_sif_altar, nicolae_yredelemnul_ghost_church,
          ebering_ecumenical_altar_petrified, cheibrodos_sewer_entry_sluice,
          uniq_ijyb
D:4:      layout_loops_ring, mainiacjoe_overflow_paths,
          gammafunk_temple_overflow_arena, hangedman_decor_slide_cut,
          serial_bayou_crossing
D:5:      layout_basic, nicolae_elyvilon_peaceful_grove,
          guppyfry_early_lair_pool, uniq_duvessa

Skill      XL: |  1  2  3  4  5  6  7  8 |
---------------+-------------------------+-----
Invocations    | 1 2 3 4 5 6 |  6.0
Long Blades    | 3 4 5 |  5.1
Dodging        | 3 4 5 |  5.0
Throwing       | 1 2 3 |  3.7
Fighting       | 4 5 |  5.5

Action                     |  1- 3 |  4- 6 |  7- 9 || total
---------------------------+-------+-------+-------++-------
  Melee: Falchion          |    61 |     2 |       ||    63
         Dagger            |       |   160 |    94 ||   254
         Headbutt          |       |    22 |    34 ||    56
  Throw: Javelin           |    13 |       |       ||    13
         Boomerang         |       |    83 |    65 ||   148
  Evoke: Wand              |       |       |     3 ||     3
    Use: Scroll            |     8 |     1 |     3 ||    12
         Potion            |       |     2 |     3 ||     5
 Armour: Robe              |    14 |    68 |    23 ||   105
  Dodge: Dodged            |    66 |   158 |    77 ||   301
